 Dungeon Crawl Stone Soup version 0.26-a0-64-g059e62fbdb (webtiles) character file.

Game seed: 11650073351025340375

104 Anathary the Chopper (level 4, -2/38 HPs)
             Began as a Demonspawn Berserker on June 10, 2020.
             Was a Believer of Trog.
             Slain by a kobold
             ... wielding a +0 dagger
              (5 damage)
             ... on level 2 of the Dungeon.
             The game lasted 00:06:16 (2820 turns).

Anathary the Chopper (Demonspawn Berserker)         Turns: 2820, Time: 00:06:17

Health: -2/38      AC:  1    Str: 18    XL:     4   Next: 52%
Magic:  3/3        EV: 12    Int:  8    God:    Trog [**....]
Gold:   162        SH:  0    Dex: 15    Spells: 3/3 levels left

rFire    . . .     SeeInvis .   a - +0 hand axe
rCold    . . .     Gourm    .   (no shield)
rNeg     . . .     Faith    .   (no armour)
rPois    .         Spirit   .   (no helmet)
rElec    .         Reflect  .   (no cloak)
rCorr    .         Harm     .   (no gloves)
MR       .....                  (no boots)
Stlth    +.........             (no amulet)
HPRegen  0.12/turn              (no ring)
MPRegen  0.08/turn              (no ring)

@: no status effects
A: rugged brown scales 1, agile 1, low mp 1, rot immunity
a: Berserk, Trog's Hand, Renounce Religion


You were on level 2 of the Dungeon.
You worshipped Trog.
Trog was pleased with you.
You were hungry.

You visited 1 branch of the dungeon, and saw 2 of its levels.

You collected 162 gold pieces.

Inventory:

Hand Weapons
 a - a +0 hand axe (weapon)
Armour
 l - a +0 scale mail
Jewellery
 d - an uncursed amulet of reflection {unknown}
Scrolls
 e - 4 scrolls of identify {unknown}
 f - a scroll of amnesia {unknown}
 g - a scroll of fog {unknown}
 h - a scroll of enchant armour {unknown}
 i - a scroll of remove curse {unknown}
Potions
 b - a potion of cancellation {unknown}
 j - a potion of mutation
Comestibles
 c - 5 rations


   Skills:
 + Level 4.0 Fighting
 + Level 4.2 Axes
 - Level 1.7 Armour
 - Level 1.7 Dodging


You had 3 spell levels left.
You didn't know any spells.
Your spell library was empty.

Dungeon Overview and Level Annotations

Branches:
Dungeon (2/15)

Altars:


Innate Abilities, Weirdness & Mutations

You are partially covered in rugged brown scales. (AC +1, +3% HP)
You are immune to rotting.
You are agile. (Dex +2)
Your magical capacity is low. (-10% MP)


Message History

You kill the jackal!
Trog accepts your kill.
You hit the kobold.
You kill the kobold!
Trog accepts your kill.
You barely miss the kobold. The kobold hits you with a +0 dagger.
* * * LOW HITPOINT WARNING * * *
The kobold hits you with a +0 dagger.
* * * LOW HITPOINT WARNING * * *
The jackal bites you.
* * * LOW HITPOINT WARNING * * *
The kobold hits you with a +0 dagger.
* * * LOW HITPOINT WARNING * * *
The jackal misses you. The kobold hits you with a +0 dagger.
* * * LOW HITPOINT WARNING * * *
It was a potion of mutation.
You feel extremely strange.
You feel less energetic.
You feel agile. The kobold hits you with a +0 dagger.
You die...

#.# #.... ...
#รท# #.####
#.# #.# #.#
#.# #.# #.#
.# #.# #.#
#.# #.# #.#
#.# #.# #.#
####.# #@#
.#. .....#
#K#####.....
######
##hh..(....#
.#
#...........#
##
#..####.#.#.#
# #..# .# #
#..# # ###
### #..####.#
#.. ..#
#.......#


You could see 2 jackals and a kobold (fast).

Vanquished Creatures
  An orc priest (D:2)
  An adder (D:2)
  An ooze (D:2)
  A worm (D:2)
  A dart slug (D:2)
  2 leopard geckos
  4 orcs (D:2)
  A giant cockroach (D:2)
  3 hobgoblins (D:1)
  4 jackals (D:2)
  A quokka (D:2)
  A ball python (D:1)
  5 bats
  3 frilled lizards
  9 goblins
  6 kobolds
  6 rats
50 creatures vanquished.

Notes
Turn   | Place    | Note
-------+----------+-------------------------------------------
     0 | D:1      | Anathary the Demonspawn Berserker began the quest for the
                  | Orb.
     0 | D:1      | Reached XP level 1. HP: 18/18 MP: 1/1
   338 | D:1      | Gained mutation: You are partially covered in rugged brown
                  | scales. (AC +1, +3% HP) [demonic ancestry]
   338 | D:1      | Reached XP level 2. HP: 7/24 MP: 2/2
  1017 | D:1      | Reached ** piety under Trog
  1493 | D:2      | Gained mutation: You are immune to rotting. [demonic
                  | ancestry]
  1493 | D:2      | Reached XP level 3. HP: 22/29 MP: 3/3
  2071 | D:2      | Reached XP level 4. HP: 14/38 MP: 4/4
  2820 | D:2      | Gained mutation: Your magical capacity is low. (-10% MP)
                  | [potion of mutation]
  2820 | D:2      | Gained mutation: You are agile. (Dex +2) [potion of
                  | mutation]
  2820 | D:2      | Slain by a kobold

Illustrated notes

Levels and vault maps discovered:
D:1:      heliophobic_arrival_glass_houses, layout_loops_corners
D:2:      layout_loops_ring

Skill      XL: |  1  2  3  4 |
---------------+-------------+-----
Axes           | 3 4 |  4.2
Fighting       | 4 |  4.0
Armour         | |  1.7
Dodging        | |  1.7

Action                   |  1- 3 |  4- 6 || total
-------------------------+-------+-------++-------
Melee: Hand axe          |   127 |    46 ||   173
  Use: Potion            |       |     1 ||     1
  Eat: Chunk             |     1 |     1 ||     2
       Ration            |     1 |       ||     1
Armor: Animal skin       |    10 |       ||    10
       Chain mail        |    60 |    13 ||    73
       Skin              |       |     4 ||     4
Dodge: Dodged            |    63 |    32 ||    95

Table legend:
 A = Non-vault XP
 B = Vault XP
 C = Vault XP percentage of total XP
 D = Non-vault monster count
 E = Vault monster count
 F = Vault count percentage of total count
                 A         B        C        D         E       F
            +---------+---------+-------+---------+---------+-------
      Total |     149 |       0 |   0.0 |      50 |       0 |   0.0
            +---------+---------+-------+---------+---------+-------
        D:1 |      36 |       0 |   0.0 |      25 |       0 |   0.0
        D:2 |     113 |       0 |   0.0 |      25 |       0 |   0.0
            +---------+---------+-------+---------+---------+-------
